 Dungeon Crawl Stone Soup version 0.27.1-3-gb3d3a73c9e (webtiles) character file.

Game seed: 8301195591036585062

211133 Crownlay the Warrior (level 18, -11/172 HPs)
             Began as a Minotaur Fighter on Oct 10, 2021.
             Was a High Priest of Okawaru.
             Mangled by an emperor scorpion (19 damage)
             ... on level 4 of the Spider Nest.
             The game lasted 01:28:32 (32469 turns).

Crownlay the Warrior (Minotaur Fighter)            Turns: 32469, Time: 01:28:33

Health: -11/172    AC: 41    Str: 35    XL:     18   Next: 20%
Magic:  5/34       EV: 10    Int:  5    God:    Okawaru [*****.]
Gold:   614        SH: 22    Dex:  7    Spells: 17/17 levels left

rFire    + + .     SeeInvis +   R - +14 obsidian axe {vorpal, Drain Fly SInv}
rCold    x . .     Faith    .   y - +0 kite shield {rF+}
rNeg     . . .     Spirit   .   g - +27 Lear's hauberk
rPois    .         Reflect  +   (helmet currently unavailable)
rElec    .         Harm     .   j - +2 cloak of Supple Strength {MP+9 Dex-3 Slay+3}
rCorr    .         Rampage  .   (gloves currently unavailable)
Will     +....                  (boots currently unavailable)
Stlth    +++.......             O - amulet of reflection
HPRegen  0.38/turn              f - +4 ring of slaying
MPRegen  0.24/turn              Q - ring "Giostyma" {Fire Str+6}

@: lethally poisoned (-11 -> -41), heroic, finesse-ful, flying, mesmerised
A: horns 2, retaliatory headbutt
}: 1/15 runes: barnacled
a: Renounce Religion, Heroism, Finesse


You were on level 4 of the Spider Nest.
You worshipped Okawaru.
Okawaru was extremely pleased with you.
You visited 6 branches of the dungeon, and saw 32 of its levels.
You visited the Abyss 1 time.
You also visited: Gauntlet.

You collected 3347 gold pieces.
You spent 2733 gold pieces at shops.

Inventory:

Hand Weapons
 B - the +4 flail "Liostrol" {vamp, rPois}
   (You found it on level 3 of the Lair of Beasts)

   It occasionally heals its wielder for a portion of the damage dealt when it
   wounds a living foe.
   rPois:     It protects you from poison.
 R - the +14 obsidian axe (weapon) {vorpal, Drain Fly SInv}
   (You bought it in a shop on level 2 of the Orcish Mines)

   It inflicts extra damage upon your enemies.
   It occasionally summons demons to assist the wielder when it strikes in
   combat.
   Its wielder is mesmerised by any visible foes.
   It cannot be unequipped while any foes are visible.
   SInv:      It lets you see invisible.
   Fly:       It grants you flight.
   Drain:     It drains your maximum health when unequipped.
Missiles
 k - 71 javelins (quivered)
 w - 5 boomerangs of dispersal
 A - 10 curare-tipped darts
 N - 5 throwing nets
 X - 38 silver javelins
Armour
 g - the +27 Lear's hauberk (worn)
   (You found it on level 9 of the Dungeon)
 j - the +2 cloak of Supple Strength (worn) {MP+9 Dex-3 Slay+3}
   (You bought it in a shop on level 1 of the Dungeon)

   Dex:       It affects your dexterity (-3).
   Slay:      It affects your accuracy & damage with ranged weapons and melee
   (+3).
   MP:        It affects your magic capacity (+9).
 q - a +1 buckler of reflection
 y - a +0 kite shield of fire resistance (worn)
 J - the +1 pair of gloves of the Cricket {rC+ Int+5}
   (Okawaru gifted it to you on level 11 of the Dungeon)

   Int:       It affects your intelligence (+5).
   rC:        It protects you from cold.
 S - the +1 plate armour of Dimupneolo {Drain Dex+5}
   (You took it off a minotaur in a Gauntlet)

   Dex:       It affects your dexterity (+5).
   Drain:     It drains your maximum health when unequipped.
Jewellery
 f - a +4 ring of slaying (left hand)
 O - an amulet of reflection (around neck)
 Q - the ring "Giostyma" (right hand) {Fire Str+6}
   (You found it on level 12 of the Dungeon)

   [ring of fire]

   It enhances your fire magic.
   Str:       It affects your strength (+6).
   rF:        It protects you from fire.
   rC:        It makes you vulnerable to cold.
Wands
 l - a wand of charming (7)
 D - a wand of polymorph (29)
 E - a wand of digging (20)
 G - a wand of acid (14)
 H - a wand of iceblast (49)
 U - a wand of paralysis (19)
 Y - a wand of flame (27)
Scrolls
 d - 3 scrolls of holy word
 h - 3 scrolls of enchant armour
 i - a scroll of identify
 r - 6 scrolls of fear
 v - 5 scrolls of summoning
 x - 5 scrolls of fog
 F - 2 scrolls of immolation
 I - 9 scrolls of enchant weapon
 K - 6 scrolls of teleportation
 P - 2 scrolls of blinking
 V - 2 scrolls of silence
 W - 7 scrolls of magic mapping
Potions
 a - a potion of invisibility
 b - 8 potions of flight
 c - 5 potions of haste
 e - 3 potions of attraction
 m - 14 potions of curing
 n - a potion of berserk rage
 o - 2 potions of brilliance
 p - a potion of ambrosia
 s - a potion of cancellation
 t - 3 potions of resistance
 z - 3 potions of mutation
 L - 4 potions of might
Miscellaneous
 T - a condenser vane


   Skills:
 - Level 18.2(23.2) Fighting
 - Level 18.0(23.0) Axes
 - Level 7.7(12.7) Throwing
 - Level 4.4(9.4) Armour
 + Level 12.7(17.7) Stealth
 - Level 15.0(20.0) Shields
 - Level 11.4 Invocations
 - Level 10.0 Evocations


You had 17 spell levels left.
You didn't know any spells.
Your spell library contained the following spells:

 Spells                   Type           Power      Damage    Failure   Level
 Foxfire                  Conj/Fire      0%         2x1d4     87%         1
 Freeze                   Ice            0%         1d3       87%         1
 Sting                    Tmut/Pois      0%         1d3       87%         1
 Blink                    Tloc           N/A        N/A       95%         2
 Corpse Rot               Necr/Air       N/A        N/A       95%         2
 Ensorcelled Hibernation  Hex/Ice        0%         N/A       95%         2
 Poisonous Vapours        Pois/Air       0%         N/A       95%         2
 Slow                     Hex            0%         N/A       95%         2
 Call Canine Familiar     Summ           0%         N/A       99%         3
 Confusing Touch          Hex            0%         N/A       99%         3
 Conjure Flame            Conj/Fire      0%         6-21      99%         3
 Frozen Ramparts          Ice            0%         1d2       99%         3
 Inner Flame              Hex/Fire       0%         N/A       99%         3
 Portal Projectile        Hex/Tloc       0%         N/A       99%         3
 Spider Form              Tmut/Pois      0%         N/A       99%         3
 Vampiric Draining        Necr           0%         2d6       99%         3
 Airstrike                Air            0%         N/A       100%        4
 Dispel Undead            Necr           0%         3d6       100%        4
 Hailstorm                Conj/Ice       0%         3d3       100%        4
 Leda's Liquefaction      Hex/Erth       0%         N/A       100%        4
 Olgreb's Toxic Radiance  Pois           0%         N/A       100%        4
 Passage of Golubria      Tloc           N/A        N/A       100%        4
 Summon Lightning Spire   Summ/Air       0%         N/A       100%        4
 Lightning Bolt           Conj/Air       0%         1d11      100%        5
 Silence                  Hex/Air        0%         N/A       100%        5
 Death Channel            Necr           0%         N/A       100%        6
 Dispersal                Tloc           0%         N/A       100%        6
 Shadow Creatures         Summ           N/A        N/A       100%        6
 Disjunction              Tloc           0%         N/A       100%        8
 Lehudib's Crystal Spear  Conj/Erth      0%         10d2      100%        8
 Chain Lightning          Conj/Air       0%         N/A       100%        9


Dungeon Overview and Level Annotations

Branches:
Dungeon (15/15)            Temple (1/1) D:6            Lair (6/6) D:11
 Shoals (4/4) Lair:4       Spider (4/4) Lair:4        Slime (0/5) Lair:6
    Orc (2/2) D:11            Elf (0/3) Orc:2        Vaults (0/5) D:14
 Depths (0/5) D:15        Gauntlet (visited)

Altars:
Ashenzari
Cheibriados
Dithmenos
Elyvilon
Gozag
Kikubaaqudgha
Makhleb
Nemelex Xobeh
Okawaru
Qazlal
Ru
Sif Muna
Trog
Uskayaw
Vehumet
Wu Jian
Xom
Yredelemnul
Zin
The Shining One
Lugonu

Shops:
D:1 [   D:3 !   D:12 [   Orc:1 ::*?   Orc:2 :([[

Portals:
Hell: Lair:6
Abyss: D:4


Innate Abilities, Weirdness & Mutations

You have a pair of horns on your head.
You reflexively headbutt those who attack you in melee.


Message History

You block the emperor scorpion's attack.
The emperor scorpion misses you.
The emperor scorpion claws you but does no damage.
Okay, then.
Blink to where?
Press: ? - help, Dir - move target, f - you
Okay, then.
As you read the scroll of fear, it crumbles to dust.
You assume a fearsome visage.
The orb spider looks frightened! x3
The ghost moth resists with almost no effort.
The wolf spider is unaffected.
The tarantella looks frightened!
The redback is unaffected.
The tarantella looks frightened!
The wolf spider looks frightened! x2; The emperor scorpion is unaffected.
The emperor scorpion looks frightened!
The emperor scorpion is unaffected.
The tarantella looks frightened!
The wolf spider looks frightened!
The moth of wrath looks frightened!
The orb spider looks frightened!
The emperor scorpion looks frightened!
Visions of slaying the emperor scorpion flood into your mind.
The wolf spider rages.
The ghost moth stares at you.
You feel your power leaking away.
You block the emperor scorpion's attack.
The emperor scorpion claws you but does no damage.
You block the emperor scorpion's attack.
The emperor scorpion stings you!
* * * LOW HITPOINT WARNING * * *
You are lethally poisoned!
The emperor scorpion poisons you! The emperor scorpion claws you.
* * * LOW HITPOINT WARNING * * *
You block the emperor scorpion's attack.
The wolf spider rages.
Your soul eater hits the emperor scorpion but does no damage.
The emperor scorpion pulls away from the web.
The emperor scorpion is caught in a web!
The emperor scorpion stings you but does no damage.
You block the emperor scorpion's attack.
The emperor scorpion claws you.
* * * LOW HITPOINT WARNING * * *
The emperor scorpion stings you!!
You die...

#^......##
#..^....≈#
#≈≈......#
##......^#
#....≈≈## .
#....≈##s^. .
#^...^#y...
....#.s.3s≈^s..
..s.s..@ssy#^..
.....#.s†.s# .^
≈^...^#ss.s≈.≈.^
....^..........^
#.^....ss.......
#^.^............
^............
#^...........^


You could see 4 emperor scorpions, a ghost moth (invisible), 4 wolf spiders, a
moth of wrath (fleeing), 3 orb spiders, 3 tarantellas, a redback (berserk) and a
friendly soul eater (summoned).

Vanquished Creatures
  Bai Suzhen (Shoals:3)
  Jorgrun (D:12)
  Gastronok (D:8)
  Frances (Spider:1)
  Ilsuiw (Shoals:4)
  An orc warlord (Orc:2)
  An emperor scorpion (Spider:1)
  Louise (Shoals:3)
  An angel (Abyss:3)
  2 ghost moths
  2 ophanim (Abyss:3)
  2 entropy weavers
  Azrael (D:15)
  2 minotaurs
  A spark wasp (Spider:3)
  Snorg (D:11)
  7 merfolk javelineers
  An ettin (D:14)
  A great orb of eyes (D:15)
  7 merfolk impalers
  9 hydras
  A rakshasa (Abyss:3)
  A ghost crab (Spider:2)
  3 boulder beetles
  Fannar (D:11)
  An anaconda (shapeshifter) (D:14)
  2 catoblepae
  5 merfolk avatars
  The ghost of IHuginn the Covert, a journeyman OpBe of Trog (D:12)
  A quicksilver dragon skeleton (Abyss:3)
  6 centaur warriors
  7 merfolk aquamancers
  4 two-headed ogres
  A dancing weapon (Abyss:3)
  A death scarab (Gauntlet)
  2 satyrs (Shoals:2)
  7 death yaks (Lair:5)
  Urug (Lair:2)
  2 tengu warriors
  3 orc high priests (Orc:2)
  A wretched star (Abyss:3)
  The ghost of MisterFreud the Shield-Bearer, a novice GnFi of Ru (D:10)
  A sixfirhy (Lair:6)
  A cherub (Abyss:3)
  7 sea snakes
  4 wizards
  4 orc knights (Orc:2)
  A harpy (Shoals:1)
  9 orb spiders
  A necromancer (Abyss:3)
  30 wolf spiders
  An ugly thing (D:11)
  A frost giant zombie (Abyss:3)
  5 orc sorcerers (Orc:2)
  2 oklob plants
  13 fauns
  8 elephants
  15 manticores
  A salamander (D:15)
  8 cyclopes
  Maurice (D:8)
  9 merfolk sirens
  4 black mambas
  7 water nymphs
  An orange demon (Lair:6)
  A torpor snail (Lair:5)
  10 cane toads
  5 rime drakes
  Psyche (D:12)
  A gargoyle (D:12)
  An unseen horror (D:12)
  A tormentor (Abyss:3)
  7 demonic crawlers
  6 ice devils
  14 komodo dragons
  A hellwing (Lair:6)
  4 efreet
  A red devil (Lair:6)
  7 meliai
  4 polar bears
  24 merfolk
  4 tyrant leeches (Spider:2)
  24 jumping spiders
  9 wind drakes
  4 raiju (Abyss:3)
  A wolf spider simulacrum (D:12)
  5 hornets
  16 blink frogs
  2 large abominations (Abyss:3)
  8 slime creatures
  9 trolls
  12 snapping turtles
  12 dream sheep
  24 tarantellas
  A spectral black mamba (Gauntlet)
  14 water elementals
  Sigmund (D:2)
  A shadow (D:12)
  6 wyverns
  A black mamba skeleton (Abyss:3)
  4 centaur simulacra (D:12)
  A ynoxinul (Abyss:3)
  5 wraiths
  A redback (shapeshifter) (D:15)
  70 redbacks
  A vampire (D:13)
  3 fire elementals
  43 yaks
  7 basilisks
  A neqoxec (Abyss:3)
  A steam dragon (D:5)
  12 vampire mosquitoes
  2 acid dragons
  4 wargs
  10 hell hounds
  17 water moccasins
  25 orc warriors
  4 necrophages
  6 ogres
  7 centaurs
  9 wolves
  A gnoll sergeant (D:12)
  7 bullfrogs
  4 kobold brigands
  A wyvern zombie (D:7)
  An earth elemental (Abyss:3)
  2 small abominations (Abyss:3)
  2 scorpions
  A hornet simulacrum (D:14)
  11 killer bees
  3 wights
  11 howler monkeys
  An electric eel (Lair:4)
  A crimson imp (D:7)
  A bullfrog zombie (D:5)
  5 centaur zombies
  12 orc priests
  A hound (D:6)
  A human zombie (D:5)
  15 jellies
  Crazy Yiuf (D:2)
  A bullfrog skeleton (D:6)
  A centaur skeleton (D:6)
  2 iguanas
  A scorpion zombie (D:5)
  19 orc wizards
  A hell rat (Lair:6)
  A human skeleton (Abyss:3)
  2 killer bee zombies
  A hound zombie (D:5)
  A hound skeleton (D:5)
  2 mummies (D:5)
  3 howler monkey zombies
  7 gnolls
  13 adders
  A white imp (D:7)
  4 worms
  49 orcs
  5 ball pythons
  2 bats
  7 endoplasms
  6 giant cockroaches
  11 goblins
  12 hobgoblins
  3 jackals (D:4)
  12 quokkas
  5 frilled lizards
  28 kobolds
  6 rats
  A lurking horror (D:4)
995 creatures vanquished.

Vanquished Creatures (collateral kills)
  A merfolk javelineer (Shoals:2)
  3 merfolk impalers (Shoals:4)
  A satyr (Shoals:4)
  2 merfolk aquamancers (Shoals:4)
  A wolf spider (Spider:3)
  2 manticores
  2 orb spiders (Spider:1)
  A torpor snail (Spider:1)
  2 jumping spiders
  4 merfolk
  A wind drake (Shoals:4)
  2 dream sheep (Shoals:4)
  5 redbacks
  A water elemental (Shoals:2)
  3 tarantellas
  A vampire mosquito (Spider:2)
32 creatures vanquished.

Vanquished Creatures (others)
  2 tyrant leeches (Spider:2)
  A howler monkey (D:12)
  2 orc wizards (Orc:2)
  30 fungi
  2 lurking horrors
  93 plants
130 creatures vanquished.

Grand Total: 1157 creatures vanquished

Notes
Turn   | Place    | Note
-------+----------+-------------------------------------------
     0 | D:1      | Crownlay the Minotaur Fighter began the quest for the Orb.
     0 | D:1      | Reached XP level 1. HP: 19/19 MP: 0/0
   129 | D:1      | Found Jiofasok's Armour Shop.
   149 | D:1      | Reached XP level 2. HP: 24/26 MP: 1/1
   472 | D:1      | Reached XP level 3. HP: 30/31 MP: 2/2
   781 | D:2      | Reached skill level 5 in Axes
   976 | D:2      | Reached XP level 4. HP: 35/39 MP: 3/3
  1013 | D:2      | Noticed Sigmund
  1018 | D:2      | Killed Sigmund
  1019 | D:2      | Reached XP level 5. HP: 45/45 MP: 4/4
  1259 | D:2      | Reached XP level 6. HP: 41/51 MP: 5/5
  1613 | D:2      | Found a runed translucent door.
  1614 | D:2      | Noticed Crazy Yiuf
  1621 | D:2      | Killed Crazy Yiuf
  1774 | D:3      | Found a bloodstained altar of Trog.
  1967 | D:3      | Found Josmib's Distillery.
  1974 | D:3      | Bought a potion of degeneration for 11 gold pieces
  1974 | D:3      | Bought a potion of curing for 33 gold pieces
  1983 | D:3      | Found a glowing silver altar of Zin.
  2063 | D:3      | Found a glowing golden altar of the Shining One.
  2770 | D:4      | Found a corrupted altar of Lugonu.
  2770 | D:4      | Found a one-way gate to the infinite horrors of the Abyss.
  2904 | D:4      | Noticed an orc warrior
  2915 | D:4      | Killed an orc warrior
  2916 | D:4      | Reached XP level 7. HP: 34/57 MP: 6/6
  3089 | D:5      | Entered Level 5 of the Dungeon
  3109 | D:4      | Reached skill level 10 in Axes
  3196 | D:5      | Noticed a steam dragon
  3221 | D:5      | Killed a steam dragon
  3222 | D:5      | Reached XP level 8. HP: 42/64 MP: 7/7
  3628 | D:5      | Found a basalt altar of Yredelemnul.
  3707 | D:5      | Reached XP level 9. HP: 69/70 MP: 8/8
  3914 | D:6      | Found a staircase to the Ecumenical Temple.
  3955 | Temple   | Entered the Ecumenical Temple
  3979 | Temple   | Became a worshipper of Warmaster Okawaru
  4215 | D:6      | Found an opulent altar of Gozag.
  4238 | D:6      | Found a glowing golden altar of the Shining One.
  4316 | D:6      | Found a sacrificial altar of Ru.
  4382 | D:7      | Reached skill level 5 in Fighting
  4387 | D:7      | Reached skill level 5 in Shields
  4681 | D:7      | Found a burning altar of Makhleb.
  4682 | D:7      | Found a shimmering altar of Xom.
  5080 | D:8      | Noticed Maurice
  5092 | D:8      | Killed Maurice
  5092 | D:8      | Reached * piety under Okawaru
  5186 | D:8      | Noticed Gastronok
  5203 | D:8      | Killed Gastronok
  5203 | D:8      | Reached ** piety under Okawaru
  5204 | D:8      | Reached XP level 10. HP: 64/90 MP: 9/9
  5657 | D:9      | Noticed a two-headed ogre
  5705 | D:9      | Reached *** piety under Okawaru
  5748 | D:9      | Noticed a tengu warrior
  5767 | D:9      | Killed a tengu warrior
  5934 | D:9      | Found the +27 Lear's hauberk
  6025 | D:9      | Killed a two-headed ogre
  6025 | D:9      | Reached **** piety under Okawaru
  6026 | D:9      | Reached skill level 10 in Fighting
  6026 | D:9      | Reached skill level 10 in Shields
  6386 | D:10     | Entered Level 10 of the Dungeon
  6445 | D:10     | Reached XP level 11. HP: 101/101 MP: 10/10
  6800 | D:10     | Found a runed translucent door.
  6800 | D:10     | Noticed MisterFreud's ghost (novice GnFi)
  7279 | D:10     | Killed MisterFreud's ghost
  7386 | D:11     | Reached ***** piety under Okawaru
  7428 | D:11     | Noticed a red ugly thing
  7441 | D:11     | Killed a red ugly thing
  7472 | D:11     | Noticed Snorg
  7501 | D:11     | Killed Snorg
  7613 | D:11     | Noticed Fannar
  7626 | D:11     | Killed Fannar
  7626 | D:11     | Identified the +1 pair of gloves of the Cricket {rC+ Int+5}
                  | (Okawaru gifted it to you on level 11 of the Dungeon)
  7626 | D:11     | Received a gift from Okawaru
  7824 | D:11     | Found a staircase to the Orcish Mines.
  8211 | D:11     | Found a staircase to the Lair.
  8587 | D:12     | Found a runed translucent gate.
  8587 | D:12     | Found a runed translucent gate.
  8587 | D:12     | Found a runed translucent gate.
  8589 | D:12     | Noticed Psyche
  8598 | D:12     | Reached XP level 12. HP: 115/115 MP: 11/11
  8604 | D:12     | Killed Psyche
  8874 | D:12     | Noticed Jorgrun
  8901 | D:12     | Killed Jorgrun
  9248 | D:12     | Noticed IHuginn's ghost (journeyman OpBe)
  9276 | D:12     | Found Uschar's Armour Boutique.
  9357 | D:12     | Noticed a two-headed ogre
  9374 | D:12     | Killed a two-headed ogre
  9820 | D:12     | Identified the +3 war axe "Gram" {vorpal, Dex+2} (Okawaru
                  | gifted it to you on level 12 of the Dungeon)
  9820 | D:12     | Received a gift from Okawaru
  9833 | D:12     | Killed IHuginn's ghost
  9895 | D:12     | Got the ring "Giostyma" {Fire Str+6}
 10168 | D:1      | Bought the +2 cloak of Supple Strength {MP+9 Dex-3 Slay+3}
                  | for 513 gold pieces
 10462 | D:13     | Noticed a centaur warrior
 10466 | D:13     | Killed a centaur warrior
 10541 | Lair:1   | Entered Level 1 of the Lair of Beasts
 10551 | Lair:1   | Found a gate leading to a gauntlet.
 10560 | Gauntlet | Entered a Gauntlet
 10560 | Gauntlet | Found a transporter.
 10570 | Gauntlet | Found a transporter.
 10575 | Gauntlet | Found a runed translucent door.
 10575 | Gauntlet | Found a runed translucent door.
 10575 | Gauntlet | Noticed a death scarab
 10580 | Gauntlet | Found a transporter.
 10583 | Gauntlet | Found a transporter.
 10602 | Gauntlet | Found a transporter.
 10608 | Gauntlet | Noticed a death yak
 10608 | Gauntlet | Noticed a death yak
 10608 | Gauntlet | Noticed a death yak
 10608 | Gauntlet | Noticed a death yak
 10609 | Gauntlet | Found a transporter.
 10609 | Gauntlet | Noticed a death yak
 10609 | Gauntlet | Noticed a death yak
 10620 | Gauntlet | Found a transporter.
 10631 | Gauntlet | Found a transporter.
 10645 | Gauntlet | Found a transporter.
 10659 | Gauntlet | Found a transporter.
 10661 | Gauntlet | Found a transporter.
 10702 | Gauntlet | Found a transporter.
 10717 | Gauntlet | Found a transporter.
 10730 | Gauntlet | Found a transporter.
 10832 | Gauntlet | Reached skill level 1 in Invocations
 10895 | Gauntlet | Killed a death scarab
 10901 | Gauntlet | Identified the ring of Sakhlemy {rN+ MP+9}
 10938 | Gauntlet | Reached skill level 15 in Fighting
 10940 | Gauntlet | Reached skill level 15 in Shields
 10970 | Gauntlet | Identified the +1 plate armour of Dimupneolo {Drain Dex+5}
 10970 | Gauntlet | Identified the amulet of Haebemupn {rF+ Regen+}
 10970 | Gauntlet | Noticed a minotaur
 10987 | Gauntlet | Killed a minotaur
 11330 | Lair:1   | Received a gift from Okawaru
 11359 | Lair:1   | Reached XP level 13. HP: 126/126 MP: 15/15
 11507 | Lair:1   | Reached skill level 5 in Invocations
 12152 | Lair:2   | Noticed Urug
 12170 | Lair:2   | Killed Urug
 12248 | Lair:2   | Identified the +7 chain mail of the Wilderness {Rampage
                  | *Slow Fly Dex+4}
 12696 | Lair:3   | Received a gift from Okawaru
 12696 | Lair:3   | Found the +8 longbow "Zephyr" {speed, Dex+3 SInv}
 12716 | Lair:3   | Reached skill level 1 in Throwing
 12989 | Lair:3   | Identified the +4 flail "Liostrol" {vamp, rPois}
 13536 | Lair:4   | Found a staircase to the Shoals.
 13784 | Lair:4   | Reached ****** piety under Okawaru
 13940 | Lair:4   | Found a hole to the Spider Nest.
 14153 | Lair:5   | Received a gift from Okawaru
 14280 | Lair:5   | Received a gift from Okawaru
 14289 | Lair:5   | Reached XP level 14. HP: 137/137 MP: 20/20
 14355 | Lair:5   | Received a gift from Okawaru
 14556 | Lair:5   | Reached skill level 1 in Evocations
 15065 | Lair:6   | Entered Level 6 of the Lair of Beasts
 15194 | Lair:6   | Found a staircase to the Slime Pits.
 15203 | Lair:6   | Reached skill level 10 in Invocations
 15614 | Lair:6   | Reached skill level 5 in Throwing
 15662 | Lair:6   | Received a gift from Okawaru
 16170 | Lair:6   | Found a burning altar of Makhleb.
 16310 | Lair:6   | Found a gateway to Hell.
 17223 | Orc:1    | Entered Level 1 of the Orcish Mines
 17418 | Orc:1    | Found Beuvvo's Magic Scroll Shoppe.
 17421 | Orc:1    | Bought a scroll of blinking for 97 gold pieces
 17421 | Orc:1    | Bought a scroll of magic mapping for 45 gold pieces
 17421 | Orc:1    | Bought a scroll of identify for 26 gold pieces
 17470 | Orc:2    | Entered Level 2 of the Orcish Mines
 17544 | Orc:1    | Found Beus's Book Emporium.
 17589 | Orc:1    | Found Biloar's Assorted Antiques.
 17661 | Orc:1    | Found Epoetor's Book Shop.
 17857 | Orc:2    | Noticed an orc warlord
 17881 | Orc:2    | Killed an orc warlord
 17881 | Orc:2    | Identified the +1 hat "Xaeqywka" {rC+ rN+} (Okawaru gifted
                  | it to you on level 2 of the Orcish Mines)
 17881 | Orc:2    | Received a gift from Okawaru
 18022 | Orc:2    | Found Yfitzil's Antique Armour Shoppe.
 18046 | Orc:2    | Reached skill level 5 in Evocations
 18048 | Orc:2    | Reached XP level 15. HP: 42/147 MP: 22/22
 18416 | Orc:2    | Found Wistrem's Antique Weapon Boutique.
 18423 | Orc:2    | Found Sureoskoera's Book Boutique.
 18425 | Orc:2    | Found Builes's Armour Shoppe.
 18479 | Orc:2    | Found a staircase to the Elven Halls.
 20327 | D:14     | Identified the +1 chain mail "Wizash" {Will+ Slay+6}
 20590 | D:14     | Found a gate to the Vaults.
 20780 | D:15     | Entered Level 15 of the Dungeon
 20784 | D:15     | Paralysed by a great orb of eyes for 7 turns
 20794 | D:15     | Received a gift from Okawaru
 21206 | D:15     | Found a radiant altar of Vehumet.
 21317 | D:15     | Noticed Azrael
 21329 | D:15     | Killed Azrael
 21379 | D:15     | Received a gift from Okawaru
 21738 | D:15     | Found a staircase to the Depths.
 22121 | Shoals:1 | Entered Level 1 of the Shoals
 22238 | Shoals:1 | Received a gift from Okawaru
 22241 | Shoals:1 | Found a runed translucent door.
 22246 | Shoals:1 | Reached skill level 15 in Axes
 23201 | Shoals:1 | Reached XP level 16. HP: 126/157 MP: 23/23
 23330 | Shoals:2 | Identified the +1 robe "Oneefreff" {Dex+3}
 23655 | Orc:2    | Bought the +14 obsidian axe {vorpal, Drain Fly SInv} for
                  | 2008 gold pieces
 23655 | Orc:2    | Found the +14 obsidian axe {vorpal, Drain Fly SInv}
 24652 | Shoals:2 | Found a hide-covered altar of Uskayaw.
 24657 | Shoals:2 | Received a gift from Okawaru
 25330 | Shoals:2 | Identified the +6 fustibalus of Xom's Outrage {flame, rPois
                  | rF+ Str+4 SInv}
 25706 | Shoals:3 | Received a gift from Okawaru
 26087 | Shoals:3 | Noticed Louise
 26091 | Shoals:3 | Received a gift from Okawaru
 26102 | Shoals:3 | Cast into level 2 of the Abyss (Louise)
 26102 | Abyss:2  | Found a corrupted altar of Lugonu.
 26117 | Abyss:2  | Found a corrupted altar of Lugonu.
 26127 | Abyss:3  | Found a corrupted altar of Lugonu.
 26746 | Abyss:3  | Received a gift from Okawaru
 26749 | Abyss:3  | Received a gift from Okawaru
 26755 | Abyss:3  | Reached skill level 1 in Stealth
 26759 | Shoals:3 | Escaped the Abyss
 26772 | Shoals:3 | Killed Louise
 26776 | Shoals:3 | Received a gift from Okawaru
 27287 | Shoals:3 | Noticed Bai Suzhen
 27293 | Shoals:3 | Killed Bai Suzhen
 27293 | Shoals:3 | Received a gift from Okawaru
 27684 | Shoals:4 | Entered Level 4 of the Shoals
 27840 | Shoals:4 | Got the Catalogue of Flying Orientation
 27962 | Shoals:4 | Noticed Ilsuiw
 27990 | Shoals:4 | Reached skill level 10 in Evocations
 27990 | Shoals:4 | Reached XP level 17. HP: 40/165 MP: 24/24
 28013 | Shoals:4 | Killed Ilsuiw
 28020 | Shoals:4 | Reached skill level 5 in Stealth
 28243 | Shoals:4 | Identified the +1 robe of the Dwarven Hall {rC- Int+4}
 28304 | Shoals:4 | Received a gift from Okawaru
 29138 | Shoals:4 | Got a barnacled rune of Zot
 29517 | Spider:1 | Entered Level 1 of the Spider Nest
 29785 | Spider:1 | Noticed Frances
 29795 | Spider:1 | Killed Frances
 29861 | Spider:1 | Reached skill level 10 in Stealth
 30730 | Spider:2 | Identified the +8 scale mail of the Guardian {rPois rC+
                  | Will+}
 31040 | Spider:3 | Received a gift from Okawaru
 31693 | Spider:3 | Reached XP level 18. HP: 172/172 MP: 25/25
 31747 | Spider:4 | Entered Level 4 of the Spider Nest
 32469 | Spider:4 | HP: 8/172 [emperor scorpion (6)]
 32469 | Spider:4 | Mangled by an emperor scorpion

Illustrated notes

Levels and vault maps discovered:
D:1:      ncdulo_watergridlock, layout_rooms, serial_shops, nicolae_square_shop,
          minmay_hexomino_f4
D:2:      layout_basic, skrybe_limestone_x, minmay_fractal_squares_5,
          uniq_crazy_yiuf_cottage, uniq_sigmund
D:3:      wad_woods_stonehenge, layout_basic, zin_statuary,
          amcnicky_altar_gilded, serial_shops, shop, nrook_loot_triangle,
          minmay_misc_feat_ornament
D:4:      layout_rooms, amcnicky_altar_lugonu_corruption
D:5:      layout_rooms, lemuel_mausoleum_altar_yredelemnul
D:6:      layout_cave_pools, mainiacjoe_overflow_two_lobes,
          nicolae_overflow_hidden_temple, nicolae_ru_path_of_blood,
          minmay_temple_entry_statues_pillars
D:7:      layout_rooms, grunt_temple_overflow_champion_of_chaos
D:8:      layout_loops_corners, uniq_gastronok, uniq_maurice
D:9:      layout_roguey, hellmonk_guarded_unrand_lears
D:10:     layout_loops_corners, gammafunk_ghost_grave
D:11:     layout_roguey, erik_lair_dragon, uniq_fannar, uniq_snorg
D:12:     layout_layer_cave, serial_shops, nicolae_diamond_shop,
          gammafunk_ghost_icy, uniq_jorgrun, uniq_psyche
D:13:     layout_basic, minmay_fractal_squares_gapless_5
D:14:     gammafunk_indiana_jones, layout_cross, david_vaults_4,
          chequers_serial_rivers_room_a, abandoned_shop,
          chequers_serial_rivers_micro_d
D:15:     hangedman_depths_entry_try_elsewhere_first, layout_cave_pools,
          vehumet_crystals, uniq_azrael
Temple:   cyrus_circular_temple
Lair:1:   minmay_lair_venomous_thicket, layout_cave_pods,
          gauntlet_entry_generic, beast_lair_carwin_1
Lair:2:   nzn_winding_woodlands_huge [nzn_winding_woodlands_5x15_crooked,
          nzn_winding_woodlands_5x15_cabin, nzn_winding_woodlands_5x15_eye,
          nzn_winding_woodlands_5x15_longhouse,
          nzn_winding_woodlands_5x15_concentric,
          nzn_winding_woodlands_5x15_default, nzn_winding_woodlands_5x15_garden,
          nzn_winding_woodlands_5x15_twine,
          nzn_winding_woodlands_5x15_split_checker,
          nzn_winding_woodlands_5x15_pool, nzn_winding_woodlands_center_lodge,
          nzn_winding_woodlands_center_triple_pond,
          nzn_winding_woodlands_15x15_boxy_spiral], layout_hall_layers,
          lemuel_old_faithful, uniq_maggie, uniq_urug
Lair:3:   layout_loops_ring, st_stairs_7, grunt_megastairs_5
Lair:4:   layout_big_grid, elwin_shoals_entry_rooms, spider_nest_entry_a,
          nicolae_quartered_pool_medium, minmay_stone_trees_small
Lair:5:   beast_lair_carwin_large_4, layout_regular_city, grunt_megastairs_4
Lair:6:   evil_forest, layout_cave_pods, minmay_slime_entry_jelly_boxes
Shoals:1: layout_shoals, lightli_airlock
Shoals:2: layout_shoals, regret_index_shoals_crete
Shoals:3: layout_shoals, uniq_bai_suzhen, uniq_louise
Shoals:4: shoals_end_simple, layout_shoals, shoal_ilsuiw
Spider:1: layout_spider_delve, uniq_frances
Spider:2: layout_spider_delve, nicolae_spider_swamp_cousins
Spider:3: layout_spider_delve
Spider:4: grunt_spider_rune_parallel
Orc:1:    layout_caves, serial_shops, nicolae_shop_stone, nicolae_diamond_shop,
          shop_fountains, nicolae_shop_behind_doors
Orc:2:    st_orc_elflike, layout_diamond_mine, mines3_lemuel

Skill      XL: |  1  2  3  4  5  6  7  8  9 10 11 12 13 14 15 16 17 18 |
---------------+-------------------------------------------------------+-----
Axes           | 3 4 5 7 9 11 13 14 15 18 | 18.0
Fighting       | 8 10 13 15 16 17 18 | 18.2
Shields        | 8 10 13 15 | 15.0
Invocations    | 4 9 11 | 11.4
Throwing       | 3 6 7 |  7.7
Armour         | 4 |  4.4
Evocations     | 5 8 10 | 10.0
Stealth        | 3 11 12 | 12.7

Action                   |  1- 3 |  4- 6 |  7- 9 | 10-12 | 13-15 | 16-18 || total
-------------------------+-------+-------+-------+-------+-------+-------++-------
Melee: War axe           |    54 |   131 |   260 |   510 |   894 |     7 ||  1856
       Headbutt          |     8 |    13 |    51 |   114 |   224 |   150 ||   560
       Flail             |       |       |       |       |    21 |    71 ||    92
       Broad axe         |       |       |       |       |       |   588 ||   588
Throw: Javelin           |       |     4 |     1 |       |    44 |    48 ||    97
       Stone             |       |       |     1 |       |       |       ||     1
       Throwing net      |       |       |       |       |     1 |       ||     1
Invok: Heroism           |       |       |       |    11 |    32 |    35 ||    78
       Finesse           |       |       |       |     4 |     2 |    11 ||    17
Evoke: Wand              |       |       |       |       |     5 |     7 ||    12
       Condenser vane    |       |       |       |       |       |     1 ||     1
  Use: Potion            |       |     1 |     1 |     1 |     3 |     9 ||    15
       Scroll            |       |       |     3 |    10 |    10 |    10 ||    33
 Stab: Distracted        |       |       |       |       |       |     2 ||     2
       Sleeping          |       |       |       |       |       |     2 ||     2
Armor: Scale mail        |    25 |    44 |       |       |       |       ||    69
       Chain mail        |       |    42 |   143 |   329 |   395 |   343 ||  1252
Dodge: Dodged            |    22 |    60 |    77 |   131 |   153 |   156 ||   599
Block: Buckler           |       |       |     2 |   185 |       |       ||   187
       Reflection        |       |       |       |     7 |    42 |    48 ||    97
       Kite shield       |       |       |       |    29 |   687 |   613 ||  1329
